 Dungeon Crawl Stone Soup version 0.26-a0-1021-gda264ca44c (webtiles) character file.

Game seed: 15888997751118047205

2 sahdkjhfkaj the Sneak (level 1, -1/11 HPs)
             Began as a Spriggan Wanderer on Dec 9, 2020.
             Slain by a hobgoblin (3 damage)
             ... on level 1 of the Dungeon.
             The game lasted 00:00:42 (537 turns).

sahdkjhfkaj the Sneak (Spriggan Wanderer)            Turns: 537, Time: 00:00:43

Health: -1/11      AC:  2    Str:  8    XL:     1   Next: 25%
Magic:  2/2        EV: 18    Int: 11    God:
Gold:   10         SH:  0    Dex: 17    Spells: 0/0 levels left

rFire    . . .     SeeInvis +   a - +0 dagger
rCold    . . .     Faith    .   (shield restricted)
rNeg     . . .     Spirit   .   b - +0 robe
rPois    .         Reflect  .   (helmet restricted)
rElec    .         Harm     .   (no cloak)
rCorr    .         Rampage  .   (gloves unavailable)
Will     .....                  (boots unavailable)
Stlth    +++.......             (no amulet)
HPRegen  0.03/turn              (no ring)
MPRegen  0.08/turn              (no ring)

@: very quick
A: very small, unfitting armour, see invisible, speed 3
a: no special abilities


You were on level 1 of the Dungeon.
You visited 1 branch of the dungeon, and saw 1 of its levels.

You collected 10 gold pieces.

Inventory:

Hand Weapons
 a - a +0 dagger (weapon)
Armour
 b - a +0 robe (worn)
Scrolls
 c - a scroll of blinking
 g - a scroll of remove curse {unknown}
 i - a scroll of fear {unknown}
 j - 2 scrolls of immolation {unknown}
 k - a scroll of identify {unknown}
Potions
 d - a potion of haste
 e - 2 potions of lignification
 f - a potion of attraction {unknown}
 h - a potion of curing {unknown}
 l - a potion of heal wounds {unknown}


   Skills:
 + Level 2.4 Fighting
 + Level 0.1 Short Blades
 - Level 1.2 Bows
 + Level 3.1 Dodging
 + Level 4.4 Stealth
 - Level 1.0 Unarmed Combat


You couldn't memorise any spells.
You didn't know any spells.
Your spell library was empty.

Dungeon Overview and Level Annotations

Branches:
Dungeon (1/15)

Altars:


Innate Abilities, Weirdness & Mutations

You are very small and have problems with some larger weapons.
You are too small for most types of armour.
You have supernaturally acute eyesight. (SInv)
You cover ground extremely quickly.


Message History

The hobgoblin barely misses you.
You barely miss the hobgoblin.
The hobgoblin is moderately wounded.
The hobgoblin misses you.
You barely miss the hobgoblin.
The hobgoblin is moderately wounded.
The hobgoblin barely misses you.
You barely miss the hobgoblin.
The hobgoblin is moderately wounded.
The hobgoblin barely misses you.
You hit the hobgoblin.
The hobgoblin is heavily wounded.
The hobgoblin misses you.
You barely miss the hobgoblin.
The hobgoblin is heavily wounded.
The hobgoblin misses you.
You hit the hobgoblin but do no damage.
The hobgoblin is heavily wounded.
The hobgoblin hits you.
You die...

### #.#.#.# #.......#.#
#.#.#... #.#.#.###.......#.#
#.#.#### #.#.#...........'.#
#.#..... #.#.#####.......###
#.#.####
######...............#####.#.#
.....##.######.#...........#.#
...............#.###########.#
.............#.#.#...... #.#
............P#..@...# #.#
...........P≈#..g...# #.
P.........P≈≈#......#
≈P.......P≈≈≈#......#
≈≈P.....P≈≈≈≈#......#
≈≈≈P.<.P≈≈≈≈≈#......#
≈≈P.....P≈≈≈≈#.#+#.##
≈P.......P≈≈≈#. .#
P.........P≈≈#


You could see a hobgoblin.

Vanquished Creatures
  A bat (D:1)
  A frilled lizard (D:1)
  A rat (D:1)
3 creatures vanquished.

Notes
Turn   | Place    | Note
-------+----------+-------------------------------------------
     0 | D:1      | sahdkjhfkaj the Spriggan Wanderer began the quest for the
                  | Orb.
     0 | D:1      | sahdkjhfkaj set off with the following items: a +0
                  | quarterstaff, a scroll of blinking, a potion of haste, a
                  | potion of lignification, a +0 robe, a +0 dagger
     0 | D:1      | Reached XP level 1. HP: 11/11 MP: 2/2
   537 | D:1      | Slain by a hobgoblin

Illustrated notes

Levels and vault maps discovered:
D:1:      eino_arrival_druids_welcome, layout_basic

Action                   || total
-------------------------++-------
Melee: Dagger            ||    21
 Stab: Sleeping          ||     1
Armor: Robe              ||     1
Dodge: Dodged            ||    14

Table legend: (Time is in decaauts)
 A = Elapsed time spent in this place.
 B = Non-inter-level travel time spent in this place.
 C = Inter-level travel time spent in this place.
 D = Time resting spent in this place.
 E = Time spent auto-exploring this place.
 F = Levels seen in this place.
 G = Mean time per level.
                   A        B        C        D        E       F      G
               +--------+--------+--------+--------+--------+-----+--------+
         Total |    337 |    337 |      0 |      0 |    300 |   1 |  337.0 |
       Dungeon |    337 |    337 |      0 |      0 |    300 |   1 |  337.0 |
               +--------+--------+--------+--------+--------+-----+--------+

Top non-repeatable levels by time:
     D:1: 337 daAuts
